 Dungeon Crawl Stone Soup version 0.24.1-4-ge52af88ad5 (webtiles) character file.

Game seed: 796824600967853945, levelgen mode: deterministic

46 Goreval the Firebug (level 3, -3/19 HPs)
             Began as a Deep Elf Fire Elementalist on Apr 18, 2020.
             Slain by an ooze (4 damage)
             ... on level 2 of the Dungeon.
             The game lasted 00:03:47 (1861 turns).

Goreval the Firebug (Deep Elf Fire Elementalist)    Turns: 1861, Time: 00:03:47

Health: -3/19      AC:  2    Str:  5    XL:     3   Next: 46%
Magic:  0/9        EV: 13    Int: 20    God:
Gold:   9          SH:  0    Dex: 15    Spells: 2/8 levels left

rFire    . . .     SeeInvis .   g - +0 dagger
rCold    . . .     Gourm    .   (no shield)
rNeg     . . .     Faith    .   a - +0 robe
rPois    .         Spirit   .   (no helmet)
rElec    .         Reflect  .   (no cloak)
rCorr    .         Harm     .   (no gloves)
MR       .....                  (no boots)
Stlth    ++........             (no amulet)
HPRegen  0.06/turn              (no ring)
MPRegen  0.11/turn              (no ring)

@: lethally poisoned (-3 -> -5)
A: no striking features
a: no special abilities


You were on level 2 of the Dungeon.
You were not hungry.

You visited 1 branch of the dungeon, and saw 2 of its levels.

You collected 9 gold pieces.

Inventory:

Hand Weapons
 g - a +0 dagger (weapon)
Missiles
 e - 23 stones (quivered) {don't use}
Armour
 a - a +0 robe (worn)
Jewellery
 b - an uncursed ring of ice
Scrolls
 d - a scroll of enchant weapon {unknown}
 f - a scroll of identify
 h - a scroll of blinking {unknown}
 i - a scroll of noise
Comestibles
 c - 3 rations
 j - 2 chunks of flesh


   Skills:
 + Level 3.1 Dodging
 - Level 2.4 Stealth
 + Level 3.4 Spellcasting
 * Level 2.2 Conjurations
 * Level 3.9 Fire Magic


You had 2 spell levels left.
You knew the following spells:

 Your Spells              Type           Power        Failure   Level  Hunger
a - Flame Tongue          Conj/Fire      ###..        3%          1    None
b - Throw Flame           Conj/Fire      ###...       6%          2    ##.....
c - Conjure Flame         Conj/Fire      ###.....     12%         3    ###....

Your spell library contained the following spells:

 Spells                   Type           Power        Failure   Level  Hunger
 Inner Flame              Hex/Fire       ##......     19%         3    ###....
 Sticky Flame             Conj/Fire      ###.....     36%         4    ####...
 Fireball                 Conj/Fire      ###.......   71%         5    ######.


Dungeon Overview and Level Annotations

Branches:
Dungeon (2/15)

Altars:
Cheibriados


Message History

The flame tongue hits the ooze.
Aim: an ooze (lightly wounded)
The flame tongue hits the ooze.
The ooze hits you.
You don't have enough magic to cast that spell.
You feel sick. The ooze hits you.
* * * LOW HITPOINT WARNING * * *
Unknown command.
Aim: an ooze (severely wounded)
The flame tongue hits the ooze but does no damage.
The ooze hits you.
* * * LOW HITPOINT WARNING * * *
* * * LOW HITPOINT WARNING * * *
You feel sick.
Found an inky potion.
Unknown command.
As you read the scroll labeled OSADAM TUBIFO, it crumbles to dust.
It is a scroll of identify.
i - a scroll of noise The ooze hits you.
You die...

.... . .... ####o ##
#... .. #... #.
##... ##.#.
###....#######......
...._.......)...J...
.......).).)#####..#
.......@J...#
####...###### #...
#... #... #... ....
#.#!#


You could see an ooze.

Vanquished Creatures
  2 dart slugs (D:1)
  A leopard gecko (D:1)
  2 orcs (D:2)
  3 giant cockroaches (D:1)
  4 goblins
  6 hobgoblins
  4 jackals (D:1)
  3 kobolds (D:1)
  8 bats (D:1)
  4 rats (D:1)
37 creatures vanquished.

Notes
Turn   | Place    | Note
-------+----------+-------------------------------------------
     0 | D:1      | Goreval the Deep Elf Fire Elementalist began the quest for
                  | the Orb.
     0 | D:1      | Reached XP level 1. HP: 10/10 MP: 6/6
   475 | D:1      | Reached XP level 2. HP: 15/15 MP: 4/8
  1010 | D:1      | Reached XP level 3. HP: 19/19 MP: 6/9
  1072 | D:1      | Learned a level 2 spell: Throw Flame
  1076 | D:1      | Learned a level 3 spell: Conjure Flame
  1514 | D:2      | Noticed an orc warrior
  1827 | D:2      | Found a snail-covered altar of Cheibriados.
  1861 | D:2      | Slain by an ooze

Levels and vault maps discovered:
D:1:      psy_arrival_wood_between_worlds, layout_basic
D:2:      layout_loops_cross, cheibriados_altar_1, first_ration,
          item_on_display_a

Skill      XL: |  1  2  3 |
---------------+----------+-----
Conjurations   | 2 |  2.2
Dodging        | 3 |  3.1
Stealth        | |  2.4
Spellcasting   | |  3.4
Fire Magic     | |  3.9

Action                   || total
-------------------------++-------
Melee: Dagger            ||     1
 Cast: Flame Tongue      ||    65
       Conjure Flame     ||     1
  Use: Scroll            ||     1
  Eat: Chunk             ||     3
Armor: Robe              ||    10
Dodge: Dodged            ||    37
